 Dungeon Crawl Stone Soup version 0.23.1 (webtiles) character file.

Game seed: 14296066719324934997

32 Borgoz the Sneak (level 3, 0/26 HPs)
             Began as a Ghoul Enchanter on Mar 13, 2019.
             Slain by an orc priest
             ... wielding a +0 hand axe
              (4 damage)
             ... on level 2 of the Dungeon.
             The game lasted 00:02:25 (1455 turns).

Borgoz the Sneak (Ghoul Enchanter)                  Turns: 1455, Time: 00:02:26

Health: 0/26       AC:  3    Str:  9 (11) XL:     3   Next: 25%
Magic:  4/4        EV: 11    Int: 15      God:
Gold:   80         SH:  0    Dex: 10      Spells: 4/5 levels left

rFire    . . .     SeeInvis .   c - +1 dagger (speed)
rCold    + . .     Gourm    .   (no shield)
rNeg     + + +     Faith    .   g - +0 leather armour
rPois    ∞         Spirit   .   (no helmet)
rElec    .         Reflect  .   (no cloak)
rCorr    +         Harm     .   (no gloves)
MR       .....                  (no boots)
Stlth    ++........             (no amulet)
HPRegen  0.00/turn              f - ring of resist corrosion
MPRegen  0.09/turn              (no ring)

@: brilliant, rotting
A: rotting body, claws 1, carnivore, cold resistance 1, negative energy
resistance 3, inhibited regeneration, torment resistance, unbreathing
a: no special abilities


You were on level 2 of the Dungeon.
You were not hungry.

You visited 1 branch of the dungeon, and saw 2 of its levels.

You collected 80 gold pieces.

Inventory:

Hand Weapons
 c - a +1 dagger of speed (weapon)
Missiles
 h - 57 poisoned needles
Armour
 g - a +0 leather armour (worn)
 j - a cursed +0 leather armour
Jewellery
 f - a ring of resist corrosion (left claw)
Scrolls
 b - a scroll of identify {unknown}
 e - 2 scrolls of remove curse {unknown}
 i - a scroll of enchant weapon {unknown}
 m - a scroll of fog {unknown}
Potions
 l - a potion of brilliance
Comestibles
 d - 3 rations
 k - 6 chunks of flesh


   Skills:
 * Level 1.7 Short Blades
 * Level 1.1 Armour
 + Level 2.0 Dodging
 - Level 3.2 Stealth
 - Level 1.7 Spellcasting
 + Level 2.6 Hexes


You had 4 spell levels left.
You knew the following spells:

 Your Spells              Type           Power        Failure   Level  Hunger
a - Corona                Hex            ###....      1%          1    ##.....

Your spell library contained the following spells:

 Spells                   Type           Power        Failure   Level  Hunger
 Ensorcelled Hibernation  Hex/Ice        ##....       3%          2    ###....
 Confuse                  Hex            ###.....     3%          3    ####...
 Tukima's Dance           Hex            ###.....     3%          3    ####...
 Dazzling Spray           Conj/Hex       ##....       6%          3    ####...


Dungeon Overview and Level Annotations

Branches:
Dungeon (2/15)

Altars:
Gozag


Innate Abilities, Weirdness & Mutations

Your body is rotting away.
You thrive on raw meat.
You are immune to poison.
You have sharp fingernails.
You are carnivorous and can eat meat at any time.
Your flesh is cold resistant. (rC+)
You are immune to negative energy. (rN+++)
You do not regenerate when monsters are visible.
You are immune to unholy pain and torment.
You can survive without breathing.


Message History

The orc barely misses you.
It was a potion of brilliance.
You feel clever all of a sudden. The orc hits you with a +0 short sword.
* * * LOW HITPOINT WARNING * * *
Unknown command.
You hit the orc.
You kill the orc!
You hit the orc priest but do no damage.
The orc priest is lightly wounded.
You hit the orc priest but do no damage.
The orc priest is lightly wounded.
The orc priest hits you but does no damage.
Casting: Corona (safe; 1% risk of failure)
Confirm with . or Enter, or press ? or * to list all spells.
Okay, then.
You hit the orc priest.
The orc priest is lightly wounded.
The orc priest hits you with a +0 hand axe.
You die...

#.# #.# #.# #.# #÷#
############.#
#........)...#
.#######.############
.....oo@.# ##########


You could see an orc priest and an orc.

Vanquished Creatures
  2 orcs (D:2)
  3 giant cockroaches (D:1)
  7 goblins (D:1)
  2 hobgoblins
  2 jackals (D:2)
  3 kobolds (D:1)
  A bat (D:1)
  2 frilled lizards (D:1)
  4 rats
26 creatures vanquished.

Notes
Turn   | Place    | Note
-------+----------+-------------------------------------------
     0 | D:1      | Borgoz the Ghoul Enchanter began the quest for the Orb.
     0 | D:1      | Reached XP level 1. HP: 14/14 MP: 2/2
    65 | D:1      | Reached skill level 1 in Short Blades
   255 | D:1      | Reached XP level 2. HP: 13/20 MP: 3/3
   876 | D:1      | Reached skill level 1 in Armour
  1291 | D:2      | Reached XP level 3. HP: 19/26 MP: 4/4
  1305 | D:2      | Found an opulent altar of Gozag.
  1455 | D:2      | Slain by an orc priest

Skill      XL: |  1  2 |
---------------+-------+-----
Short Blades   | 1 |  1.7
Armour         | 1 |  1.1
Dodging        | 2 |  2.0
Stealth        | |  3.2
Spellcasting   | |  1.7
Hexes          | |  2.6

Action                   || total
-------------------------++-------
Melee: Dagger            ||   104
  Use: Potion            ||     2
 Stab: Sleeping          ||     6
  Eat: Chunk             ||     2
Armor: Leather armour    ||    15
       Robe              ||     2
Dodge: Dodged            ||    41
